 Dungeon Crawl Stone Soup version 0.20-a0-893-g832831a (console) character file.

66 nht the Vexing (level 3, 0/24 HPs)
             Began as a Vampire Enchanter on Mar 16, 2017.
             Slain by a bat (1 damage)
             ... on level 1 of the Dungeon.
             The game lasted 00:04:36 (1578 turns).

nht the Vexing (Vampire Enchanter)                  Turns: 1578, Time: 00:04:36

Health: 0/24       AC:  3    Str:  7    XL:     3   Next: 96%
Magic:  1/6        EV: 17    Int: 18    God:
Gold:   98         SH:  4    Dex: 19    Spells: 3/6 levels left

rFire    . . .     SeeInvis +   a - +1 dagger
rCold    . . .     Gourm    .   b - +0 robe
rNeg     . . .     Faith    .   k - +0 buckler
rPois    .         Spirit   .   (no helmet)
rElec    .         Reflect  .   (no cloak)
rCorr    .         Harm     .   (no gloves)
MR       .....                  h - +0 pair of boots
Stlth    ++++......             (no amulet)
Regen    0.3/turn               (no ring)
MPRegen  0.1/turn               (no ring)

@: agile, regenerating quickly
A: fangs 3, see invisible, unbreathing
a: no special abilities


You were on level 1 of the Dungeon.
You were full.

You visited 1 branch of the dungeon, and saw 2 of its levels.

You collected 98 gold pieces.

Inventory:

Hand Weapons
 a - a +1 dagger (weapon)
Missiles
 l - 4 tomahawks of dispersal (quivered)
Armour
 b - a +0 robe (worn)
 h - a +0 pair of boots (worn)
 k - a +0 buckler (worn)
Scrolls
 e - a scroll of magic mapping {unknown}
 f - a scroll of remove curse
 i - a scroll of teleportation {unknown}
 m - 3 scrolls of identify {unknown}
Potions
 d - a potion of agility
 g - 4 potions of blood
Books
 c - a book of Maledictions

   Spells                             Type                      Level
   a - Corona                         Hexes                        1
   b - Ensorcelled Hibernation        Hexes/Ice                    2
   c - Confuse                        Hexes                        3
   d - Tukima's Dance                 Hexes                        3
   e - Dazzling Spray                 Conjuration/Hexes            3


   Skills:
 * Level 3.7 Short Blades
 - Level 2.1 Dodging
 - Level 4.4 Stealth
 - Level 2.0 Spellcasting
 + Level 5.1 Hexes


You had 3 spell levels left.
You knew the following spells:

 Your Spells              Type           Power        Failure   Level  Hunger
a - Corona                Hex            ###....      4%          1    #......
b - Ensorcelled Hibernat  Hex/Ice        ##....       17%         2    ###....


Dungeon Overview and Level Annotations

Branches:
Dungeon (2/15)

Altars:


Innate Abilities, Weirdness & Mutations

Your natural rate of healing is unusually fast.
You have razor-sharp teeth.
You have supernaturally acute eyesight. (SInv)
You can survive without breathing.


Message History

The jackal bites you.
* * * LOW HITPOINT WARNING * * *
Okay, then.
Use e to drain blood from corpses.
You hit the jackal.
The jackal is severely wounded.
The bat closely misses you. The jackal barely misses you.
You hit the jackal.
The jackal is almost dead.
The bat misses you. The bat closely misses you. The jackal barely misses you.
You hit the jackal but do no damage.
The jackal is severely wounded.
The bat misses you.
The jackal bites you but does no damage.
You barely miss the jackal. Your bite misses the jackal.
The jackal is severely wounded.
The jackal bites you.
* * * LOW HITPOINT WARNING * * *
The bat hits you.
You die...

.......█
█..█.███.███.....████
██.█...█ █..█.█
████...<[....█ .█....██
█..█.███.███.....██.█ .██████
█....██...███...██..█ .█
███████....█.....'██.███.██
.█
██....██....██...██.█'███(█
.█
█............██.████(███..█
.█ █.....███...b.███
██████.██
.███.█..█..█.███@█████......█
.....█..█....███h█..........█
........█........†█.██......█
........█████.███.█.........█
████....█...█.█.█.█..█......█
█.█.██.███.█.███..█......█
█.█....█...█......█......█
█....█.████'████..████████
█████...█.....█...█..█


You could see a jackal and a bat.

Vanquished Creatures
  2 adders (D:2)
  A worm (D:2)
  2 dart slugs (D:1)
  4 bats
  2 giant cockroaches (D:1)
  4 goblins
  5 hobgoblins
  6 jackals (D:1)
  2 frilled lizards (D:1)
  8 kobolds
  3 rats (D:1)
39 creatures vanquished.

Notes
Turn   | Place    | Note
-------+----------+-------------------------------------------
     0 | D:1      | nht the Vampire Enchanter began the quest for the Orb.
     0 | D:1      | Reached XP level 1. HP: 13/13 MP: 3/3
   215 | D:1      | Reached XP level 2. HP: 19/19 MP: 5/5
   219 | D:1      | Learned a level 2 spell: Ensorcelled Hibernation
  1064 | D:2      | Reached XP level 3. HP: 24/24 MP: 3/6
  1487 | D:2      | Reached skill level 5 in Hexes
  1578 | D:1      | HP: 1/24 [jackal (2)]
  1578 | D:1      | Slain by a bat

Vault maps used:
D:1:      dpeg_arrival_rhombi, roderic_curled_sauvastika
D:2:      st_stairs_3

Skill      XL: |  1  2  3 |
---------------+----------+-----
Short Blades   | 2 3 |  3.7
Hexes          | 5 |  5.1
Dodging        | |  2.1
Stealth        | |  4.4
Spellcasting   | |  2.0

Action                   || total
-------------------------++-------
Melee: Dagger            ||   133
       Bite              ||     9
 Cast: Ensorcelled Hiber ||    21
  Use: Potion            ||     4
       Scroll            ||     1
 Stab: Sleeping          ||    25
  Eat: Corpse            ||     9
Armor: Robe              ||    43
Dodge: Dodged            ||   132
Block: Buckler           ||    26
